Workbook

Sheet 2025 IR
A1: ANNUAL STATISTICAL AND INFORMATIONAL REPORT FOR YEAR 2025
A2: (NOTE: If a question does not apply, leave it blank. If applicable membership or dollar amount is zero, enter 0. Only fill in yellow boxes if you are using a computer. If you are filling the form in by hand you will need to fill in the yellow and the blue boxes.)
A3: Church Name: | D3: Church ID: | F3: Current Presbytery:
A4: City: | D4: State: | F4: Your Name
F5: Your Email
A6: GENERAL SYNOD DENOMINATIONAL MINISTRY FUND PLEDGE FOR 2025
A7: Do not leave this field blank! Synod's agencies rely on accurate DMF allocation determined by these pledges.
A8: Enter 2025 General Fund Receipts here to calculate pledge percentage: | H8: =IF(H6="","",IF(F8="","",H6/F8))
A9: Membership
A10: A. TOTAL COMMUNICANT MEMBERSHIP AT BEGINNING OF CURRENT YEAR | E10: -2025
A11: (NOTE: Use the number reported on your prior year REPORT as recorded in the 2024 Minutes of Synod,as "Total Communicant Membership At End of Current Year." If the number was understated, increase "By Reaffirmation." If the number was overstated, decrease "By Removal From Roll.")
A12: B. ACCESSIONS:
A13: 1. By Profession (Adult)
A14: 2. By Profession (Baptized Child)
A15: 3. By Profession (Other Children)
A16: 4. By Certificate of Transfer
A17: 5. By Reaffirmation of Faith | E17: Total Accessions: | G17: =SUM(D13:D17) -> 0
A18: C. LOSSES:
A19: 1. By Death
A20: 2. By Certificate of Transfer
A21: 3. By Removal From Roll | E21: Total Losses: | G21: =SUM(D19:D21) -> 0
A22: (NOTE: Removal from roll refers to removal from Membership Rolls.)
A23: TOTAL COMMUNICANT MEMBERSHIP AT END OF CURRENT YEAR: | H23: =G10+G17-G21 -> 0
A24: D. NON-COMMUNICANT MEMBERSHIP AT END OF CURRENT YEAR (Note: FOG 4.15.B)
A25: E.1. NON-COMMUNICANT MEMBERS LOST BY DEATH | E25: BY TRANSFER | G25: Total Losses | H25: =D25+F25 -> 0
A26: F. ASSOCIATE CHURCH MEMBERS AT END OF CURRENT YEAR (Note: FOG 4.15.C)
A27: G. BAPTISMS: | B27: (1)Covenant | C27: Children: | E27: (2)Adult: | G27: Total Baptisms | H27: =F27+D27 -> 0
A28: H. AVERAGE WEEKLY ATTENDANCE AT THE MAIN WORSHIP SERVICE
A30: CHURCH FINANCES
A31: Instructions: 1. List in US Dollars. Do not use balance from previous year. 2. Round to nearest whole dollar. For example: $17,995.99 should be $17,996. 3. Leave blank if there is not a value to be entered. 4. Take care not to record receipts and disbursements in more than one place.
A32: RECEIPTS FOR JANUARY 1 - DECEMBER 31 2025
A33: 1. General Fund Receipts
A34: (NOTE: Tithes, Gifts, Offerings given for the current fund budget or undesignated.)
A35: 2. Designated Receipts
A36: (NOTE: Gifts restricted by the donor, to include special offerings, special appeals, building and capital funds.)
A37: 3. Other Receipts
A38: Supplements from General Synod
A39: Supplements from Presbytery
A40: Other Receipts (Investments, Interest, Outside Donor)
E41: Total Other Receipts: | G41: =SUM(F38:F40) -> 0
E42: Total RECEIPTS FOR JANUARY 1 - DECEMBER 31 | H42: =SUM(G33:G41) -> 0
A43: DISBURSEMENTS OF RECEIPTS 2025
A44: 1. LOCAL
A45: Total Local Expenses for all Church Personnel
A46: Total Capital Expenditures (building, equipment, vehicles, etc.)
A47: Total Local Expenses…..(Facility and Office Expenses, Not Denominational Ministry Funds)
A48: Total International Ministry (Non-ARP Giving - Local, International, National)
D49: Total Local Disbursements: | G49: =SUM(F45:F48) -> 0
A50: 2. PRESBYTERY BENEVOLENCE
A51: Assessment or Commitment
A52: Special Offerings for Presbytery Causes
D53: Total Presbytery Benevolence: | G53: =SUM(F51:F52) -> 0
A55: 3. GENERAL SYNOD BENEVOLENCE 2025
A56: Denominational Ministry Fund
A57: Synod Easter Offering
A58: (NOTE: Enter the amount your church gave to the Easter Offering.)
A59: Synod Thanksgiving Offering
A60: (NOTE: Enter the amount your church gave to the Thanksgiving Offering.)
A61: Designated Support for Synod Ministries NOTE: Enter the amounts your church gave as designated gifts, excluding the Easter & Thanksgiving Offerings above. DO NOT INCLUDE conference registrations, subscriptions, DMF Contributions, gifts to non-ARP Mission causes, etc.
A62: (a) Bonclarken
A63: (c) Erskine College
A64: (d) Erskine Seminary
A65: (e) Outreach North America
A66: (f) Stewardship/Foundation
... A69: List Other:
D70: Total Designated Support: | F70: =SUM(E62:E68) -> 0
D71: Total General Synod Benevolence: | G71: =F70+F59+F57+F56 -> 0
A72: TOTAL DISBURSEMENTS: | H72: =SUM(G71+G53+G49) -> 0
A74: Profit/Loss (Total Receipts - Total Disbursements) | H74: =H42-H72 -> 0
A76: This report is to be adopted by the session before it is submitted. | F76: Date approved by Session:
A79: CHANGES IN CHURCH DIRECTORY INFORMATION
A81: The ARP Office of Central Services maintains a database for preparing the Minutes of Synod. For the database to be accurate, the information we receive from you must be current and accurate. Please complete the next section carefully for any CHANGES in 2025.
A83: Church Mailing Address | C83: (Street or PO Box) | F83: (City) | G83: (State) | H83: (Zip)
A84: Church Meeting Address (If different from mailing address) | C84: (Street) | F84: (City) | G84: (State) | H84: (Zip)
A86: Pastor: (Name) | F86: Email:
A87: Associate Pastor:
A88: Clerk of Session:
A89: Treasurer:
A90: Music/Choir/Worship Dir:
A91: Administrative Assistant:
A92: Youth/Children's Director:
A93: Women's Ministries:
A94: Missions Advocate/Liasion
A96: (U.S. Only): Employer Identification Number (EIN)
A97: If your church does not have an EIN, you need to make an application to the IRS using Form SS-4.
A98: Contact Brian Such (bsuch@arpsynod.org) for assistance.
A100: Please save and email this form to stanner@arpsynod.org.
A101: If it is not possible for you to enter the information online, please mail a copy of this form by February 1, 2026
B102: Associate Reformed Presbyterian Center
B103: 918 S. Pleasantburg Dr., Suite 127
B104: Greenville, SC 29607
A106: Thank you for returning this form by February 1, 2026!

Sheet For CS Use Only
A1: GM Fund Pledge | B1: GF Receipts | D1: Beginning Communicant | E1: Profession (Adult) | F1: Profession (Baptized Child) | G1: Profession (Other Children) | H1: Certificate | I1: Reaffirmation | J1: Death | K1: Certificate | L1: Removal from the Roll | M1: Non-Communicant | N1: Non-comm Lost by Death | O1: Non-comm Lost by Transfer | P1: Associate | Q1: Covenant Children Baptism | R1: Adult Baptism | S1: Avg Weekly Worship Attend | T1: General Fund | U1: Designated Receipts | V1: Synod Supplements | W1: Presbytery Supplements | X1: Other Income | Y1: Total Personnel Support | Z1: Total Capital Expenditures | AA1: Local Expenses | AB1: Total International Ministry | AC1: Assessment or Commitment | AD1: Special Offerings | AE1: Denominational Ministry | AF1: Synod Easter Offering | AG1: Synod Thanksgiving Offering | AH1: Bonclarken | AI1: Erskine College | AJ1: Erskine Seminary | AK1: Outreach North America | AL1: Stewardship/Foundation | AM1: World Witness | AN1: Other Synod Causes | AO1: DM Fund Pledge | AP1: ID | AQ1: Church | AR1: Beginning Communicant | AS1: Adult Profession | AT1: Baptized Child Profession | AU1: Other Child Profession | AV1: Accession by Certificate | AW1: Reaffirmation | AX1: Death | AY1: Removal by Certificate | AZ1: Removal | BA1: Ending Total | BB1: Org Ending Total | BC1: Diff | BD1: Non-Communicant | BE1: Non-Comm Losses | BF1: Baptisms | BG1: Family Units | BH1: General Fund | BI1: Designated Receipts | BJ1: Auxiliary Offering | BK1: Average Per Capita | BL1: Other Receipts | BM1: Total Receipts | BN1: Personnel Support | BO1: Capital Expenditures | BP1: Local Expenses | BQ1: Local International Expense | BR1: Presbytery Benevolence | BS1: Denominational Ministry | BT1: Synod Benevolence | BU1: Total Disbursements
A2: ='2025 IR'!H6 -> 0 | B2: ='2025 IR'!F8 -> 0 | D2: ='2025 IR'!G10 -> 0 | E2: ='2025 IR'!D13 -> 0 | F2: ='2025 IR'!D14 -> 0 | G2: ='2025 IR'!D15 -> 0 | H2: ='2025 IR'!D16 -> 0 | I2: ='2025 IR'!D17 -> 0 | J2: ='2025 IR'!D19 -> 0 | K2: ='2025 IR'!D20 -> 0 | L2: ='2025 IR'!D21 -> 0 | M2: ='2025 IR'!H24 -> 0 | N2: ='2025 IR'!D25 -> 0 | O2: ='2025 IR'!F25 -> 0 | P2: ='2025 IR'!H26 -> 0 | Q2: ='2025 IR'!D27 -> 0 | R2: ='2025 IR'!F27 -> 0 | S2: ='2025 IR'!H28 -> 0 | T2: ='2025 IR'!G33 -> 0 | U2: ='2025 IR'!G35 -> 0 | V2: ='2025 IR'!F38 -> 0 | W2: ='2025 IR'!F39 -> 0 | X2: ='2025 IR'!F40 -> 0 | Y2: ='2025 IR'!F45 -> 0 | Z2: ='2025 IR'!F46 -> 0 | AA2: ='2025 IR'!F47 -> 0 | AB2: ='2025 IR'!F48 -> 0 | AC2: ='2025 IR'!F51 -> 0 | AD2: ='2025 IR'!F52 -> 0 | AE2: ='2025 IR'!F56 -> 0 | AF2: ='2025 IR'!F57 -> 0 | AG2: ='2025 IR'!F59 -> 0 | AH2: ='2025 IR'!E62 -> 0 | AI2: ='2025 IR'!E63 -> 0 | AJ2: ='2025 IR'!E64 -> 0 | AK2: ='2025 IR'!E65 -> 0 | AL2: ='2025 IR'!E66 -> 0 | AM2: ='2025 IR'!E67 -> 0 | AN2: ='2025 IR'!E68 -> 0 | AO2: ='2025 IR'!B69 -> 0
